 Dungeon Crawl Stone Soup version 0.29-a0-994-gc5c9f59d18 (webtiles) character file.

Game seed: 12389624907224762289

6497 Newt the Basher (level 10, -5/81 HPs)
             Began as a Pale Draconian Artificer on Aug 3, 2022.
             Was a Priest of Wu Jian.
             Killed from afar by a lava snake (6 damage)
             ... with a glob of lava
             ... on level 9 of the Dungeon.
             The game lasted 00:20:14 (11458 turns).

Newt the Basher (Pale Draconian Artificer)         Turns: 11458, Time: 00:20:16

Health: -5/81      AC: 13    Str: 17      XL:     10   Next: 68%
Magic:  11/11      EV: 14    Int: 11 (12) God:    Wu Jian [***...]
Gold:   164        SH: 15    Dex: 18 (19) Spells: 13/13 levels left

rFire   . . .      SeeInvis .   B - +2 whip (venom)
rCold   . . .      Faith    +   C - +0 kite shield
rNeg    . . .      Spirit   .   (body armour unavailable)
rPois   .          Reflect  .   (helmet restricted)
rElec   .          Harm     .   (no cloak)
rCorr   .          Rampage  .   k - +1 pair of gloves
Will    .....                   (no boots)
Stlth   +++.......              l - amulet of faith
HPRegen 0.23/turn               u - +4 ring of protection
MPRegen 0.12/turn               o - +6 ring of dexterity

@: no status effects
A: breathe steam, AC +7, unfitting armour, cold-blooded, steam resistance, large
bone plates 1, deterioration 1, low MP 1
a: Breathe Steam, Renounce Religion, Wall Jump, Serpent's Lash


You were on level 9 of the Dungeon.
You worshipped Wu Jian.
Wu Jian was most pleased with you.
You visited 1 branch of the dungeon, and saw 9 of its levels.

You collected 668 gold pieces.
You spent 504 gold pieces at shops.

Inventory:

Hand Weapons
 a - a +1 club of flaming
 B - a +2 whip of venom (weapon)
Armour
 e - an orb of energy
 k - a +1 pair of gloves (worn)
 m - a +0 robe
 C - a +0 kite shield (worn)
Magical Staves
 A - a staff of death
Jewellery
 i - a ring of fire
 l - an amulet of faith (around neck)
 n - an amulet of reflection
 o - a +6 ring of dexterity (right hand)
 r - an amulet of regeneration
 u - a +4 ring of protection (left hand)
 w - an amulet of magic regeneration
 z - a ring of wizardry
Wands
 b - a wand of flame (22) (quivered)
 c - a wand of charming (14)
 d - a wand of iceblast (18)
 s - a wand of acid (8)
Scrolls
 f - a scroll of enchant weapon
 h - 3 scrolls of identify
 t - 3 scrolls of teleportation
 v - 2 scrolls of blinking
 y - 3 scrolls of amnesia
 G - 3 scrolls of summoning {unknown}
 H - a scroll of fog
Potions
 g - 3 potions of magic
 j - a potion of flight
 p - 2 potions of might
 x - a potion of attraction
 D - a potion of brilliance
 E - a potion of haste
 F - a potion of resistance


   Skills:
 + Level 5.3 Fighting
 * Level 9.4 Maces & Flails
 + Level 6.7 Dodging
 + Level 5.1 Stealth
 + Level 7.2 Shields
 * Level 2.0 Spellcasting
 * Level 2.1 Transmutations
 + Level 5.2 Evocations


You had 13 spell levels left.
You didn't know any spells.
Your spell library contained the following spells:

 Spells                   Type           Power      Damage    Failure   Level
 Beastly Appendage        Tmut           10%        N/A       30%         1
 Wereblood                Tmut           5%         N/A       41%         2
 Slow                     Hex            4%         N/A       58%         1
 Sublimation of Blood     Necr           1%         N/A       73%         2
 Spider Form              Tmut/Pois      3%         N/A       80%         3
 Confusing Touch          Hex            1%         N/A       91%         3
 Vampiric Draining        Necr           1%         2d6       91%         3
 Petrify                  Tmut/Erth      3%         N/A       99%         4
 Anguish                  Hex/Necr       0%         N/A       100%        4
 Irradiate                Conj/Tmut      1%         3d12      100%        5
 Enfeeble                 Hex            0%         N/A       100%        7


Dungeon Overview and Level Annotations

Branches:
Dungeon (9/15)             Temple (0/1) D:5
   Lair: D:8-11         Orc: D:9-12

Altars:
Ashenzari
Cheibriados
Elyvilon
Okawaru
Ru
Uskayaw
Wu Jian

Shops:
D:3 =   D:8 =   D:9 :


Innate Abilities, Weirdness & Mutations

You can breathe blasts of scalding, opaque steam.
Your pale cyan-grey scales are hard. (AC +7)
You cannot fit into any form of body armour.
You are cold-blooded and may be slowed by cold attacks.
You are immune to the effects of steam.
You are partially covered in large bone plates. (SH +4)
Your body sometimes deteriorates upon taking damage.
Your magical capacity is low. (-10% MP)


Message History

The fire bat is heavily wounded.
You block the fire bat's attack. The fire bat barely misses you.
You hit the fire bat.
The fire bat looks as sick as possible!
Your tail-slap misses the fire bat.
The fire bat is almost dead.
You kill the fire bat!
The Council accepts your kill.
You feel your dexterity returning.
Your Spellcasting skill increases to level 2!
You lunge at the fire vortex.
You barely miss the fire vortex. You tail-slap the fire vortex.
The fire vortex is lightly damaged.
You spin and attack the fire vortex repeatedly.
You completely miss the fire vortex.
The fire vortex is lightly damaged.
You hit the fire vortex but do no damage.
The fire vortex is lightly damaged.
The fire vortex closely misses you. The hell hound breathes flames at you.
The blast of flame hits the fire vortex.
The fire vortex completely resists.
The blast of flame hits you!!
Your body deteriorates!
You feel clumsy.
You spin and attack the fire vortex.
You hit the fire vortex.
The fire vortex is heavily damaged.
The fire vortex misses you.
You whack the fire vortex!
The fire vortex is almost destroyed.
Unknown command.
The hell hound breathes flames at you. The blast of flame hits you!!
* * * LOW HITPOINT WARNING * * *
Your body deteriorates!
You feel dopey. The hell hound breathes flames at you.
The blast of flame hits you!!
* * * LOW HITPOINT WARNING * * *
The lava snake spits lava at you. The glob of lava misses you.
The lava snake spits lava at you. The glob of lava hits you.
You die...

#### #.'######## #.#......≈#
#.#○@≈≈≈≈.# #######.#.v≈≈.§.#
#.......#.≈≈§§.##
#######.#######.≈h..##
#...........# #v≈..#§S#
#.#####.###.###≈v.##S§#
...####.#.....##### ############
........#.#.#.########...........
...######.#..........############


You could see 3 fire vortices, a hell hound and 2 lava snakes.

Vanquished Creatures
  A two-headed ogre (D:8)
  2 kobold demonologists (D:6)
  3 hornets
  A wraith (D:9)
  4 yaks (D:9)
  A wyvern (D:8)
  4 fire bats (D:9)
  2 steam dragons
  2 water moccasins
  An orc warrior (D:8)
  A black bear (D:5)
  A sky beast (D:7)
  An ice beast (D:8)
  2 ogres
  6 centaurs
  2 phantoms
  2 bullfrogs
  A kobold brigand (D:8)
  2 necrophages
  3 scorpions
  3 wights (D:7)
  4 howler monkeys
  3 hounds
  5 orc priests
  2 gnoll boudas
  5 iguanas
  Terence (D:2)
  6 orc wizards
  12 gnolls
  6 adders
  2 shadow imps (D:7)
  3 white imps
  6 dart slugs
  25 orcs
  9 ball pythons
  7 endoplasms
  4 goblins
  8 hobgoblins
  18 jackals
  5 quokkas
  6 bats
  3 frilled lizards
  6 kobolds
  11 rats
202 creatures vanquished.

Vanquished Creatures (others)
  An orc priest (D:6)
  13 plants
14 creatures vanquished.

Grand Total: 216 creatures vanquished

Notes
Turn   | Place    | Note
-------+----------+-------------------------------------------
     0 | D:1      | Newt the Draconian Artificer began the quest for the Orb.
     0 | D:1      | Reached XP level 1. HP: 16/16 MP: 1/1
   121 | D:1      | Reached skill level 1 in Stealth
   209 | D:1      | Reached XP level 2. HP: 19/23 MP: 2/2
   949 | D:1      | Reached skill level 1 in Maces & Flails
  1088 | D:1      | Reached XP level 3. HP: 15/28 MP: 3/3
  1947 | D:2      | Reached XP level 4. HP: 26/35 MP: 4/4
  2579 | D:2      | Noticed Terence
  2584 | D:2      | Reached skill level 2 in Maces & Flails
  2588 | D:2      | Killed Terence
  2805 | D:2      | Gained mutation: Your magical capacity is low. (-10% MP)
                  | [potion of mutation]
  2805 | D:2      | Gained mutation: You are partially covered in large bone
                  | plates. (SH +4) [potion of mutation]
  2805 | D:2      | Gained mutation: Your body sometimes deteriorates upon
                  | taking damage. [potion of mutation]
  2927 | D:3      | Found a faded altar of an unknown god.
  3037 | D:3      | Found a snail-covered altar of Cheibriados.
  3038 | D:3      | Found a white marble altar of Elyvilon.
  3039 | D:3      | Found a hide-covered altar of Uskayaw.
  3040 | D:3      | Found an ornate altar of the Wu Jian Council.
  3043 | D:3      | Became a worshipper of the Wu Jian Council
  3106 | D:3      | Reached XP level 5. HP: 41/41 MP: 4/4
  3136 | D:3      | Found Alicing's Jewellery Boutique.
  3201 | D:3      | Noticed a phantom
  3215 | D:3      | Killed a phantom
  3216 | D:3      | Reached skill level 3 in Maces & Flails
  3216 | D:3      | Reached skill level 1 in Shields
  3413 | D:4      | Reached XP level 6. HP: 34/48 MP: 5/5
  4242 | D:5      | Entered Level 5 of the Dungeon
  4426 | D:5      | Reached * piety under Wu Jian
  4635 | D:5      | Your scales start taking on a pale cyan-grey colour.
  4635 | D:5      | Reached XP level 7. HP: 36/56 MP: 6/6
  4635 | D:5      | Gained mutation: You are immune to the effects of steam.
                  | [Pale Draconian growth]
  5056 | D:5      | Found a staircase to the Ecumenical Temple.
  5280 | D:5      | Reached skill level 4 in Maces & Flails
  6063 | D:6      | Reached XP level 8. HP: 63/63 MP: 7/7
  6223 | D:6      | Found a sacrificial altar of Ru.
  6295 | D:6      | Reached skill level 5 in Maces & Flails
  6357 | D:6      | Found a transporter.
  6379 | D:6      | Noticed a kobold demonologist
  6552 | D:6      | Noticed a kobold demonologist
  6559 | D:6      | Found a transporter.
  6693 | D:6      | Noticed a rust devil
  7180 | D:6      | Noticed a hellwing
  7180 | D:6      | Killed a kobold demonologist
  7180 | D:6      | Killed a kobold demonologist
  7181 | D:6      | Reached skill level 6 in Maces & Flails
  7181 | D:6      | Reached skill level 5 in Dodging
  7210 | D:6      | HP: 1/66 [shadow imp/nerve-wracking pain (5)]
  7538 | D:6      | Found an iron altar of Okawaru.
  7715 | D:7      | Reached XP level 9. HP: 59/71 MP: 8/8
  8243 | D:7      | Reached skill level 5 in Shields
  8491 | D:7      | Reached skill level 5 in Evocations
  8721 | D:7      | Reached skill level 7 in Maces & Flails
  8756 | D:7      | Reached ** piety under Wu Jian
  9134 | D:7      | Found a broken altar of Ashenzari.
  9197 | D:8      | Found Suene's Jewellery Boutique.
  9206 | D:8      | Bought a +6 ring of dexterity for 504 gold pieces
  9307 | D:8      | Noticed a two-headed ogre
  9319 | D:8      | Killed a two-headed ogre
  9331 | D:8      | Reached skill level 8 in Maces & Flails
  9398 | D:8      | Paralysed by a hornet for 2 turns
  9642 | D:8      | Reached XP level 10. HP: 72/80 MP: 9/9
 10258 | D:9      | Found Gaoj's Book Shop.
 10291 | D:9      | Reached *** piety under Wu Jian
 10292 | D:9      | Reached skill level 5 in Fighting
 10322 | D:9      | Reached skill level 1 in Transmutations
 10578 | D:9      | Reached skill level 1 in Spellcasting
 10653 | D:9      | Reached skill level 9 in Maces & Flails
 10683 | D:9      | Reached skill level 5 in Stealth
 10964 | D:9      | Paralysed by a hornet for 1 turns
 11458 | D:9      | HP: 1/81 [hell hound/blast of flame (22)]
 11458 | D:9      | Killed from afar by a lava snake

Illustrated notes

Levels and vault maps discovered:
D:1:      dpeg_arrival_ratfight, layout_loops_cross
D:2:      layout_loops_cross, minmay_ruptured, uniq_terence
D:3:      layout_basic, mainiacjoe_overflow_alcove_3,
          hellmonk_ecumenical_altar_dog_temple, serial_shops,
          nicolae_shop_stone, serial_bayou_pond_c
D:4:      layout_loops_ring, minivault_1
D:5:      layout_cave_pools, temple_fountains, serial_bayou,
          serial_bayou_ford_a, serial_bayou_pond_e, serial_bayou_pond_e,
          serial_bayou_lake_a, minmay_pentangle
D:6:      gammafunk_wand_slinger, layout_basic, mainiacjoe_overflow_swirl
D:7:      layout_basic, ashenzari_altar_1, chequers_serial_rivers_large_b
D:8:      layout_loops_cross, serial_shops, nicolae_shop_crystal
D:9:      layout_loops_ring, enter_bailey_4, serial_shops, shop,
          hangedman_incinerator

Skill      XL: |  1  2  3  4  5  6  7  8  9 10 |
---------------+-------------------------------+-----
Stealth        | 1 2 3 4 5 |  5.1
Maces & Flails | 1 2 3 4 6 8 9 |  9.4
Dodging        | 3 4 5 6 |  6.7
Shields        | 1 2 3 4 6 7 |  7.2
Fighting       | 2 3 4 5 |  5.3
Evocations     | 4 5 |  5.2
Transmutations | 2 |  2.1
Spellcasting   | 2 |  2.0

Action                   |  1- 3 |  4- 6 |  7- 9 | 10-12 || total
-------------------------+-------+-------+-------+-------++-------
Melee: Club              |   177 |   240 |   112 |       ||   529
       Tailslap          |    21 |    34 |    65 |    38 ||   158
       Punch             |     2 |     5 |     2 |       ||     9
       Whip              |       |       |   244 |   193 ||   437
Invok: Lunge             |       |     8 |    16 |    10 ||    34
       Whirlwind         |       |       |     2 |     2 ||     4
 Abil: Breathe Steam     |       |       |     6 |       ||     6
Evoke: Wand              |       |     9 |    14 |     2 ||    25
  Use: Scroll            |     2 |    10 |     7 |     3 ||    22
       Potion            |       |     1 |     6 |     1 ||     8
 Stab: Sleeping          |     3 |     4 |     9 |     6 ||    22
       Distracted        |     1 |       |       |       ||     1
Armor: Skin              |    78 |    68 |   130 |    31 ||   307
Dodge: Dodged            |   136 |   137 |   164 |    70 ||   507
Block: Other             |       |   119 |    28 |       ||   147
       Reflection        |       |     1 |       |       ||     1
       Kite shield       |       |       |   186 |   118 ||   304

Table legend: (Time is in decaauts)
 A = Elapsed time spent in this place.
 B = Non-inter-level travel time spent in this place.
 C = Inter-level travel time spent in this place.
 D = Time resting spent in this place.
 E = Time spent auto-exploring this place.
 F = Levels seen in this place.
 G = Mean time per level.
                   A        B        C        D        E       F      G
               +--------+--------+--------+--------+--------+-----+--------+
         Total |  11609 |  11346 |    263 |   2493 |   7027 |   9 | 1289.9 |
       Dungeon |  11609 |  11346 |    263 |   2493 |   7027 |   9 | 1289.9 |
               +--------+--------+--------+--------+--------+-----+--------+

Top non-repeatable levels by time:
     D:6: 1839 daAuts
     D:5: 1636 daAuts
     D:7: 1581 daAuts
     D:1: 1573 daAuts
     D:2: 1323 daAuts
     D:9: 1199 daAuts
     D:8: 1030 daAuts
     D:4: 1025 daAuts
     D:3: 400 daAuts
